[Event "*** Titled Tuesday Blitz"]
[Site "Chess.com"]
[Date "2018.06.05"]
[Round "2"]
[White "Slovak_fighter2000"]
[Black "Quiet_Desperation"]
[Result "1-0"]
[WhiteElo "2382"]
[BlackElo "2386"]
[TimeControl "180+2"]
[EndTime "13:24:36 PDT"]
[Termination "Slovak_fighter2000 won by resignation"]

1. Nf3 Nf6 2. d4 e6 3. Bf4 b6 4. e3 Bb7 5. Nbd2 Be7 6. Bd3 O-O 7. O-O Nh5 8. Bg3 Nxg3 9. hxg3 f5 10. Qe2 Rf6 11. a4 Rh6 12. e4 g6 13. Qe3 Rh5 14. exf5 gxf5 15. Ne5 Bg5 16. Qe2 Rh6 17. f4 Bf6 18. g4 fxg4 19. Nxg4 Bxd4+ 20. Ne3 Qh4 21. Nf3 Qxf4 22. Nxd4 Qxd4 23. Qf2 Qg7 24. Ng4 Na6 25.
Nxh6+ Qxh6 26. Qf7+ Kh8 27. Qf6+ Qxf6 28. Rxf6 Nc5 29.
Bc4 Ne4 30. Rf7 Nd6 31. Rf4 Nxc4 32. Rxc4 Rg8 33. Rxc7 Rxg2+ 34. Kf1 Bd5 35. c4 Rh2 36.
Re1 Bc6 37. Rxa7 Rxb2 38. Re3 Kg7 39. Rxe6 h5 40. Rxc6 1-0

[Event "*** Titled Tuesday Blitz"]
[Site "Chess.com"]
[Date "2018.06.05"]
[Round "2"]
[White "Matibar"]
[Black "FairChess_on_YouTube"]
[Result "1/2-1/2"]
[WhiteElo "2618"]
[BlackElo "2963"]
[TimeControl "180+2"]
[EndTime "13:24:40 PDT"]
[Termination "Game drawn by repetition"]

1. e4 g6 2. d4 Bg7 3. Nf3 c6 4.
h3 d6 5. Bd3 Nf6 6. O-O O-O 7.
Re1 Qc7 8. a4 e5 9. c3 Re8 10. Bg5 h6 11. Bxf6 Bxf6 12. Nbd2 Nd7 13. a5 Nf8 14. Bf1 Ne6 15. Nc4 Rd8 16. Ne3 Ng5 17.
Nxg5 Bxg5 18. d5 a6 19. b4 c5 20. Nc4 Rb8 21. Qb3 Bd7 22. bxc5 Qxc5 23. Qb6 Qxb6 24. axb6 Be8 25. g3 h5 26. h4 Bh6 27. Ra2 Kf8 28.
Na5 Rdc8 29. c4 Rc5 30. Rb1 Ke7 31. Bh3 Bd2 32. Nb3 Bb4 33. Nxc5 Bxc5 34. Kg2 Ra8 35. Ra5 Bd4 36. Kf3 Bc3 37. Ra3 Bd4 38. Ra5 Bc3 39.
Ra3 Bd4 40. Ra5 f6 41. Ke2 g5 42. Bf5 Bc3 43. Ra3 Bd4 44. Ra5 Bc3 45. Ra3 Bd4 46. Ra5 Bc3 1/2-1/2

[Event "*** Titled Tuesday Blitz"]
[Site "Chess.com"]
[Date "2018.06.05"]
[Round "2"]
[White "Paralinch"]
[Black "Maitreia"]
[Result "1-0"]
[WhiteElo "2827"]
[BlackElo "2561"]
[TimeControl "180+2"]
[EndTime "13:24:42 PDT"]
[Termination "Paralinch won on time"]

1. e4 c5 2. Nf3 g6 3. c3 Nf6 4.
e5 Nd5 5. d4 cxd4 6. Qb3 Nc7 7.
Ng5 Ne6 8. cxd4 Bg7 9. Nxe6 dxe6 10. Be3 O-O 11. Nc3 b6 12. Bc4 Bb7 13. O-O Nc6 14. Qd1 Rc8 15. Be2 Nb4 16. Rc1 Nd5 17. Bf3 Nxc3 18.
bxc3 Bd5 19. Be2 Bc4 20. a4 Qd7 21. Re1 Rc7 22. Bf3 Rfc8 23. h4 Bd5 24. Bd2 Bxf3 25.
Qxf3 Qxa4 26. h5 Qa2 27. Rcd1 Qc2 28. g4 a5 29. Kg2 a4 30. d5 exd5 31. e6 fxe6 32.
Rxe6 gxh5 33. gxh5 Kh8 34. h6 Bxc3 35. Bf4 Rc6 36. Rc1 Rg8+ 37. Bg3 Qb2 38. Rxc6 Be5 39. Rc8 1-0

[Event "*** Titled Tuesday Blitz"]
[Site "Chess.com"]
[Date "2018.06.05"]
[Round "2"]
[White "1stSecond"]
[Black "igorkovalenko"]
[Result "0-1"]
[WhiteElo "2596"]
[BlackElo "2842"]
[TimeControl "180+2"]
[EndTime "13:24:43 PDT"]
[Termination "igorkovalenko won by checkmate"]

1. d4 g6 2. c4 Bg7 3. Nf3 Nf6 4.
Nc3 d6 5. e4 O-O 6. h3 e5 7. d5 Nh5 8. Be3 a5 9. c5 f5 10. cxd6 cxd6 11. Rc1 Na6 12. a3 Nf6 13. Bd3 f4 14. Bd2 h6 15. Na4 Bd7 16. O-O g5 17. Nc3 Nc5 18. Ne1 h5 19. Bc2 g4 20.
b4 axb4 21. axb4 Na6 22. Ne2 gxh3 23. f3 h4 24. Kh2 hxg2 25. Nxg2 Nh5 26. Rg1 Ng3 27.
Bd3 Kf7 28. Qb3 Bf6 29. Nexf4 exf4 30. Bxf4 Qb6 31. Rc4 Rg8 32. Be3 Qd8 33. f4 Bb5 34. Rcc1 Bxd3 35. Qxd3 Nxb4 36. Qb5 Na6 37. Qxb7+ Qe7 38.
Qxe7+ Bxe7 39. Rc4 Rac8 40. Rgc1 Rxc4 41. Rxc4 Rb8 42.
Kh3 Rb3 43. Kg4 Nf1 44. Bg1 h3 45. Nh4 Rg3+ 46. Kf5 Bxh4 47. e5 Rxg1 48. e6+ Kg7 49. Ra4 Rg6 50. Rxa6 Ng3# 0-1

[Event "*** Titled Tuesday Blitz"]
[Site "Chess.com"]
[Date "2018.06.05"]
[Round "2"]
[White "Triumphmate"]
[Black "AsaHoffmann"]
[Result "1-0"]
[WhiteElo "2169"]
[BlackElo "2148"]
[TimeControl "180+2"]
[EndTime "13:24:45 PDT"]
[Termination "Triumphmate won by resignation"]

1. e4 d6 2. d4 Nf6 3. Nc3 c6 4. Be3 Ng4 5. Bf4 Qb6 6. Be2 h5 7. h3 Nf6 8. Qd2 Nbd7 9. O-O-O e5 10. Be3 Qa5 11. Kb1 Be7 12. f4 Qc7 13. Nf3 exd4 14.
Nxd4 Nb6 15. g4 h4 16. g5 Ng8 17. f5 Bd7 18. Nb3 O-O-O 19. Bf4 Be8 20. Bg4 f6 21.
g6 Nh6 22. Bf3 Nc4 23. Qd4 Ne5 24. Be2 Qb6 25. Qd2 Bd7 26. Be3 Qc7 27. Bxa7 Nxf5 28. exf5 Bxf5 29. Na4 Nd7 30. Na5 d5 31. a3 Be4 32.
Rhf1 Bd6 33. Bg4 f5 34. Rxf5 Bxf5 35. Bxf5 Rhf8 36. Nb6+ Qxb6 37. Bxd7+ Rxd7 38. Bxb6 Bf4 39. Qd3 Rf6 40. Re1 Rf8 41. Qe2 Bc7 42. Bxc7 Kxc7 43. Qg4 Rfd8 44. Nb3 b6 45. Nd4 c5 46. Ne6+ Kc6 47.
Nxd8+ Rxd8 48. Re7 Rd6 49. Qc8+ Kb5 50. a4+ 1-0

[Event "*** Titled Tuesday Blitz"]
[Site "Chess.com"]
[Date "2018.06.05"]
[Round "2"]
[White "BlackBoarder"]
[Black "Kubas1010"]
[Result "1-0"]
[WhiteElo "2274"]
[BlackElo "2366"]
[TimeControl "180+2"]
[EndTime "13:24:46 PDT"]
[Termination "BlackBoarder won by checkmate"]

1. e4 c5 2. Nf3 d6 3. c3 Nf6 4. h3 e6 5. Bd3 Nc6 6. O-O d5 7. e5 Nd7 8. Bb5 Qc7 9. d4 a6 10. Bd3 Be7 11. a3 Qb6 12. Bc2 c4 13.
Re1 Na5 14. Nbd2 Nf8 15. Rb1 Bd7 16. Nf1 Ng6 17. Ng3 Qd8 18. Nh5 O-O 19. Nh2 b5 20.
Qg4 Kh8 21. Nf3 Nc6 22. Bg5 f6 23. exf6 gxf6 24. Bh6 Rg8 25. Nh4 f5 26. Nxg6+ hxg6 27. Qf3 gxh5 28. Qxh5 Qe8 29. Qf3 Qg6 30. Bf4 Bg5 31. Bxg5 Qxg5 32. Re3 Rg7 33. Rbe1 Rag8 34. g3 f4 35. Re5 Nxe5 36. Rxe5 fxg3 37. Rxg5 Rxg5 38.
Qf6+ R8g7 39. Qf8+ Rg8 40. Qh6# 1-0

[Event "*** Titled Tuesday Blitz"]
[Site "Chess.com"]
[Date "2018.06.05"]
[Round "2"]
[White "HomayoonTofighi"]
[Black "gpeloui"]
[Result "1-0"]
[WhiteElo "2748"]
[BlackElo "2327"]
[TimeControl "180+2"]
[EndTime "13:24:47 PDT"]
[Termination "HomayoonTofighi won by resignation"]

1. e4 c5 2. Nf3 Nc6 3. Bb5 g6 4. Bxc6 bxc6 5. O-O Bg7 6. Re1 Nh6 7. d3 O-O 8. Nc3 d6 9. h3 f5 10. e5 Qc7 11.
exd6 exd6 12. Bg5 Nf7 13. Re7 Bd7 14. Qd2 Rae8 15. Rae1 Rxe7 16. Rxe7 Nxg5 17. Nxg5 Qd8 18. Re1 Re8 19. Rxe8+ Qxe8 20. Nf3 Be6 21. b3 h6 22. Kf1 g5 23. Ne2 Bd5 24. Qa5 Qd7 25. Nd2 f4 26.
f3 h5 27. Qa4 Be5 28. h4 gxh4 29. Nxf4 Bf7 30. Qe4 Qe7 31. Ng6 Qg5 32. Nxe5 dxe5 33.
Qe2 h3 34. gxh3 Be6 35. Qg2 Bxh3 36. Qxh3 Qxd2 37. Qe6+ Kh7 38. Qf5+ Kh6 39. Qf6+ Kh7 40. Qe7+ Kh6 41. Qxc5 Qd1+ 42. Kg2 Qd2+ 43. Qf2 Qxf2+ 44.
Kxf2 Kg5 45. c3 Kf4 46. b4 h4 47. c4 h3 48. c5 a6 49. a4 Kf5 50. Kg3 Ke6 51.
Kxh3 Kd5 52. Kg4 a5 53. bxa5 Kxc5 54. Kf5 Kd6 55. a6 1-0

[Event "*** Titled Tuesday Blitz"]
[Site "Chess.com"]
[Date "2018.06.05"]
[Round "2"]
[White "ChessMavenYeti"]
[Black "Jahonas"]
[Result "0-1"]
[WhiteElo "2117"]
[BlackElo "2249"]
[TimeControl "180+2"]
[EndTime "13:24:47 PDT"]
[Termination "Jahonas won on time"]

1. Nf3 Nf6 2. g3 d5 3. Bg2 g6 4.
O-O Bg7 5. d4 O-O 6. c4 c6 7.
cxd5 Nxd5 8. e4 Nb6 9. Nc3 Bg4 10. Be3 Nc4 11. Qe2 Nxe3 12. fxe3 e5 13. d5 Qb6 14. h3 Bxf3 15. Rxf3 Nd7 16. Raf1 Nc5 17. Kh2 a5 18. Qf2 f6 19. Qc2 Qb4 20. Rc1 Rac8 21. Bf1 Kh8 22. a3 Qb6 23. Bc4 Qa7 24. dxc6 bxc6 25. Na4 Nxa4 26.
Qxa4 Qb6 27. b3 Rcd8 28. b4 Rd2+ 29. Kg1 axb4 30. Qxb4 Qd8 31. Rf2 Rxf2 32. Kxf2 f5 33. exf5 gxf5 34. Be2 f4 35. gxf4 exf4 36. e4 Qh4+ 37. Kf1 f3 38. Bc4 Bd4 39. Qd2 Qxh3+ 40. Ke1 f2+ 0-1

[Event "*** Titled Tuesday Blitz"]
[Site "Chess.com"]
[Date "2018.06.05"]
[Round "2"]
[White "biostatistician"]
[Black "ehrenfeld"]
[Result "1-0"]
[WhiteElo "2438"]
[BlackElo "2459"]
[TimeControl "180+2"]
[EndTime "13:24:52 PDT"]
[Termination "biostatistician won by resignation"]

1. d4 Nf6 2. Nf3 e6 3. c4 Bb4+ 4. Nbd2 d6 5. a3 Bxd2+ 6. Bxd2 Nbd7 7. Bg5 h6 8. Bh4 Nf8 9. Nd2 Ng6 10. Bg3 Nh5 11.
e4 Nxg3 12. hxg3 e5 13. d5 Bd7 14. Bd3 O-O 15. Qh5 Qg5 16. Qxg5 hxg5 17. Nf1 f6 18.
Ne3 Ne7 19. b4 a5 20. Ke2 Kf7 21. c5 Ra7 22. cxd6 cxd6 23. Nc4 Nc8 24. Nxa5 Nb6 25.
Rhc1 Rc8 26. Rxc8 Nxc8 27. Rc1 b6 28. Nc4 Ke7 29. Rc3 Bb5 30. Nxe5 dxe5 31. Bxb5 Nd6 32. Bd3 g6 33. g4 f5 34. gxf5 gxf5 35. exf5 e4 36. Bc2 Kf6 37. g4 Ke5 38. a4 Kxd5 39.
Ke3 Nc4+ 40. Ke2 Kd4 41. Rh3 Rc7 42. Rh8 Nd6 43. Bb3 Rc3 44. Rd8 Ke5 45. Bg8 Rc2+ 46.
Ke3 Rc3+ 47. Ke2 Rc2+ 48. Kf1 Rd2 49. a5 bxa5 50. bxa5 Kf4 51. Ke1 e3 52. fxe3+ Kxe3 53. f6 Ra2 54. Kd1 Ne4 55. Bxa2 1-0

[Event "*** Titled Tuesday Blitz"]
[Site "Chess.com"]
[Date "2018.06.05"]
[Round "2"]
[White "Mbneu"]
[Black "Vusatiuk_Vladimir"]
[Result "0-1"]
[WhiteElo "2203"]
[BlackElo "2194"]
[TimeControl "180+2"]
[EndTime "13:24:52 PDT"]
[Termination "Vusatiuk_Vladimir won by resignation"]

1. d4 Nf6 2. c4 e6 3. Nc3 Bb4 4.
Bg5 b6 5. e3 Bb7 6. Nf3 d5 7.
cxd5 Bxc3+ 8. bxc3 Qxd5 9. Bd3 Ne4 10. Bxe4 Qxe4 11. O-O O-O 12. Ne1 Nd7 13. f3 Qg6 14.
Bh4 c5 15. e4 Qh6 16. Bf2 Rfd8 17. Nc2 Ne5 18. Qc1 Qxc1 19. Rfxc1 Nd3 20. Rd1 Nxf2 21. Kxf2 Rac8 22. Rac1 f5 23. Ke3 Kf7 24. dxc5 bxc5 25. Rxd8 Rxd8 26. Rb1 Ba6 27. Ne1 g5 28. c4 Bxc4 29. Rc1 f4+ 30. Kf2 Rd2+ 31. Kg1 Bxa2 32. Rxc5 Kf6 33. Nc2 Bb3 34. Nb4 Rd4 35.
Nc6 Rd7 36. Ra5 a6 37. h3 Bc4 38. Kh2 Bb5 39. Nb4 Bc4 40. Nc6 Rc7 41. Ne5 Bb5 42. Ng4+ Kg7 43. Ra2 h5 44. Ne5 Kf6 0-1

[Event "*** Titled Tuesday Blitz"]
[Site "Chess.com"]
[Date "2018.06.05"]
[Round "2"]
[White "Keaton87"]
[Black "michaelk123"]
[Result "1-0"]
[WhiteElo "2470"]
[BlackElo "2438"]
[TimeControl "180+2"]
[EndTime "13:24:53 PDT"]
[Termination "Keaton87 won by resignation"]

1. d4 Nf6 2. Bg5 d5 3. e3 c5 4. c3 Nc6 5. Nd2 Qb6 6. Qb3 c4 7. Qc2 Bg4 8. e4 e6 9. Bxf6 gxf6 10. Be2 Rg8 11. h3 Bxe2 12. Nxe2 Rxg2 13. Ng3 Bd6 14. Kf1 Rxg3 15. fxg3 Bxg3 16. Rg1 Qc7 17. Rg2 Qf4+ 18. Kg1 O-O-O 19. Rf1 Qe3+ 20. Kh1 Bf4 21. Rf3 Qe1+ 22. Rf1 Qe3 23. Rf3 Qe1+ 24. Nf1 e5 25. exd5 Rxd5 26.
Qxh7 Rd7 27. d5 Ne7 28. Qxf7 Nxd5 29. Qe6 Ne3 30. Rg7 Qd1 31. Qxd7+ Qxd7 32. Rxd7 Nxf1 33. Rxf4 exf4 34. Rf7 Ne3 35. Rxf6 Nd1 36. Rxf4 Nxb2 37. h4 b5 38. h5 b4 39. cxb4 c3 40. Rf2 Nd3 41.
Rc2 Nxb4 42. Rxc3+ Kd7 43. Rg3 Nd5 44. h6 Nf6 45. h7 Nxh7 46. Rg7+ 1-0

[Event "*** Titled Tuesday Blitz"]
[Site "Chess.com"]
[Date "2018.06.05"]
[Round "2"]
[White "aspired"]
[Black "GMNeiksans"]
[Result "0-1"]
[WhiteElo "2539"]
[BlackElo "2735"]
[TimeControl "180+2"]
[EndTime "13:24:55 PDT"]
[Termination "GMNeiksans won by resignation"]

1. e4 c5 2. Nf3 Nc6 3. Bb5 g6 4. Bxc6 bxc6 5. O-O Bg7 6. Re1 Nh6 7. d4 cxd4 8. Bxh6 Bxh6 9. Qxd4 O-O 10. Nc3 Qb6 11. Rad1 Qxd4 12. Nxd4 Rb8 13. b3 Bg7 14. Na4 Ra8 15. c4 f6 16. f4 Kf7 17. e5 fxe5 18.
fxe5 Ke8 19. Nc5 Rf4 20. g3 Rf8 21. b4 e6 22. b5 cxb5 23. Nxb5 Ke7 24. Nd6 Rd8 25.
Rf1 Rf8 26. Nxc8+ Raxc8 27. Rxd7+ Ke8 28. Rxg7 Rxc5 29. Rxf8+ Kxf8 30. Rxh7 Ra5 31. Kf2 Rxa2+ 32. Ke3 a5 33. h4 a4 34. Ra7 a3 35. Kf4 Rf2+ 36. Kg5 Rf3 37. g4 Rc3 38. Kf6 Ke8 39. Kxe6 Kd8 40. Kd5 Rg3 41. h5 gxh5 42. gxh5 Rh3 43. c5 Rd3+ 44. Ke6 Rh3 45. Kd6 Rd3+ 46. Kc6 Rh3 47. Rxa3 Rxa3 0-1

[Event "*** Titled Tuesday Blitz"]
[Site "Chess.com"]
[Date "2018.06.05"]
[Round "2"]
[White "grzechu96"]
[Black "chessking2151"]
[Result "1-0"]
[WhiteElo "2496"]
[BlackElo "2425"]
[TimeControl "180+2"]
[EndTime "13:24:57 PDT"]
[Termination "grzechu96 won on time"]

1. e4 e5 2. Nf3 Nc6 3. d4 exd4 4. Nxd4 Bc5 5. Nb3 Bb6 6. Nc3 Nf6 7. Bg5 d6 8. f3 Be6 9. Bb5 h6 10. Bh4 a6 11.
Bxc6+ bxc6 12. Qe2 a5 13. O-O-O g5 14. Bf2 Bxf2 15.
Qxf2 Qe7 16. Rhe1 Nd7 17. g3 Qf6 18. f4 O-O 19. Qe3 Bg4 20. e5 dxe5 21. fxe5 Qg6 22. Rd2 Nb6 23. Qc5 Rfd8 24. Nd4 Rd5 25. Nxd5 cxd5 26.
Qc6 Qh5 27. Qxc7 Nc4 28. Rd3 Rc8 29. Qa7 Qxh2 30. b3 Na3 31. Rd2 Qxg3 32. Rf1 Bh5 33.
Ne2 Qe3 34. Qxe3 Bg6 35. Nd4 Rc7 36. e6 Re7 37. exf7+ Kf8 38. Qxe7+ 1-0

[Event "*** Titled Tuesday Blitz"]
[Site "Chess.com"]
[Date "2018.06.05"]
[Round "2"]
[White "FearNoEvil12"]
[Black "Siemba"]
[Result "1-0"]
[WhiteElo "1957"]
[BlackElo "2005"]
[TimeControl "180+2"]
[EndTime "13:25:02 PDT"]
[Termination "FearNoEvil12 won on time"]

1. e4 c5 2. Nc3 d6 3. f4 Nc6 4.
Bc4 e6 5. Nf3 Nf6 6. d3 Be7 7.
O-O O-O 8. Bb3 Nd4 9. Nxd4 cxd4 10. Ne2 e5 11. f5 d5 12. Ng3 dxe4 13. dxe4 h6 14.
Bc4 Nh7 15. Qe2 Bg5 16. Nh5 Bxc1 17. Raxc1 Qg5 18. Rce1 Bd7 19. Kh1 Bc6 20. f6 g6 21.
Ng3 Nxf6 22. Qf3 Ng4 23. Bxf7+ Kg7 24. Qb3 Qh4 25. h3 Ne3 26. Qe6 Qg5 27. Rf3 Bxe4 28. Rfxe3 Bxg2+ 29. Kxg2 dxe3 30. h4 Qf6 31. Qxf6+ Kxf6 32. Bb3 Rad8 33. Rxe3 Rd2+ 34. Kh3 Kg7 35. Rxe5 h5 36.
Re2 Rd4 37. Re7+ Kh6 38. Re4 Rd7 39. Ra4 b6 40. Ne4 Kg7 41. Ng5 1-0

[Event "*** Titled Tuesday Blitz"]
[Site "Chess.com"]
[Date "2018.06.05"]
[Round "2"]
[White "saikrishnaReturns"]
[Black "Nyzhnyk_Illia"]
[Result "0-1"]
[WhiteElo "2636"]
[BlackElo "2728"]
[TimeControl "180+2"]
[EndTime "13:25:04 PDT"]
[Termination "Nyzhnyk_Illia won by checkmate"]

1. e4 e6 2. d3 c5 3. Nf3 Nc6 4. g3 g6 5. Bg2 Bg7 6. h4 Nf6 7. Nbd2 d6 8. c3 e5 9. Nc4 Be6 10. Ng5 Bg4 11. f3 Bc8 12. f4 h6 13. Nf3 Nh5 14.
fxe5 dxe5 15. Kf2 f5 16. Be3 Qe7 17. b4 cxb4 18. cxb4 Nxb4 19. Rb1 Nc6 20. Rb5 O-O 21. Bc5 Qf6 22. Ne3 Rd8 23. Nd5 Qf7 24. Qb3 b6 25. Be7 Rxd5 26. exd5 Nxe7 27. d6 Be6 28. Qa3 Nc6 29.
Rc1 Rc8 30. Qa6 e4 31. Nd2 Bd4+ 32. Ke1 Nxg3 33. Qxc8+ Bxc8 34. Rxc6 Bd7 35. Rc7 Bxb5 36. Rxf7 Kxf7 37. dxe4 Bc3 38. exf5 Nxf5 39. Kd1 Ne3+ 40. Kc1 Bxd2+ 41. Kxd2 Nxg2 42. Kc3 Nxh4 43. Kb4 Bd7 44. Ka3 Nf5 45. Kb4 Nxd6 46. Kb3 h5 47. Ka3 h4 48.
Kb4 h3 49. Kc3 h2 50. Kb4 h1=Q 51. Ka3 g5 52. Kb4 g4 53. Kc3 g3 54. Kb4 g2 55. Kb3 g1=B 56. Ka3 Qd5 57. Kb4 Qxa2 58. Kc3 b5 59. Kb4 a5+ 60. Kc3 b4+ 61. Kd3 b3 62. Kc3 b2 63. Kd3 b1=B+ 64. Kc3 a4 65. Kb4 a3 66. Kc3 Qe2 67. Kb4 a2 68.
Kb3 a1=B 69. Ka3 Bc5+ 70. Kb3 Be6+ 71. Ka4 Bc2+ 72. Ka5 Bc3# 0-1

[Event "*** Titled Tuesday Blitz"]
[Site "Chess.com"]
[Date "2018.06.05"]
[Round "2"]
[White "EndgameGrinder"]
[Black "nabukatnezarr"]
[Result "1-0"]
[WhiteElo "2533"]
[BlackElo "2303"]
[TimeControl "180+2"]
[EndTime "13:25:04 PDT"]
[Termination "EndgameGrinder won by resignation"]

1. e4 c6 2. d4 d5 3. Nd2 dxe4 4. Nxe4 Bf5 5. Ng3 Bg6 6. h4 h6 7. Nf3 Nd7 8. h5 Bh7 9. Bd3 Bxd3 10. Qxd3 Ngf6 11. Bd2 e6 12. O-O-O Bd6 13. Ne4 Nxe4 14. Qxe4 Nf6 15. Qe2 Bc7 16. c4 O-O 17. Bc3 b5 18. Ne5 bxc4 19. g4 Bxe5 20. dxe5 Nd5 21. Qxc4 Qb6 22.
g5 Qxf2 23. gxh6 gxh6 24. Bd2 Ne3 25. Rdg1+ Kh8 26. Qd4 Nd1 27. Qg4 Rg8 28. Qxd1 Rad8 29. Rxg8+ Rxg8 30. Rf1 Qd4 31. Bc3 Qe4 32. Qf3 Qxf3 33.
Rxf3 Rg1+ 34. Kc2 Kg7 35. Kd3 Rg5 36. Ke4 Rxh5 37. Rg3+ Kh7 38. Kd4 Rf5 39. Kc5 f6 40.
Kd6 fxe5 41. Kxe6 Rf2 42. Bxe5 h5 43. Rg7+ Kh6 44. Rf7 Re2 45. Kf5 Rf2+ 46. Bf4+ Rxf4+ 47. Kxf4 Kg6 48. Rxa7 1-0

[Event "*** Titled Tuesday Blitz"]
[Site "Chess.com"]
[Date "2018.06.05"]
[Round "2"]
[White "GMSrinath"]
[Black "penguingm1"]
[Result "1-0"]
[WhiteElo "2670"]
[BlackElo "2681"]
[TimeControl "180+2"]
[EndTime "13:25:05 PDT"]
[Termination "GMSrinath won by resignation"]

1. e4 e5 2. Nf3 Nc6 3. Nc3 Nf6 4. d4 exd4 5. Nxd4 Bb4 6. Nxc6 bxc6 7. Bd3 d5 8. exd5 cxd5 9. O-O O-O 10. h3 c6 11.
Qf3 h6 12. Bf4 Bd6 13. Ne2 Rb8 14. b3 Rb4 15. c4 Be6 16. Rad1 Qe7 17. Rfe1 Bxf4 18.
Nxf4 Re8 19. Nxe6 fxe6 20. Qg3 Qd7 21. Re3 c5 22. Rde1 Rb6 23. Rf3 Rf8 24. Bg6 Rd6 25. cxd5 exd5 26. Bf5 Qd8 27. Rfe3 d4 28. Re7 Rf7 29.
Bh7+ Kf8 30. Rxf7+ Kxf7 31. Bg6+ Kf8 32. Qe5 Rd5 33.
Qe6 Qd7 34. Qa6 Rd6 35. Qd3 Rc6 36. g4 Qd6 37. Qf5 Kg8 38. Re8+ Qf8 39. Bh7+ Nxh7 40.
Qd5+ Re6 41. Qxe6+ 1-0

[Event "*** Titled Tuesday Blitz"]
[Site "Chess.com"]
[Date "2018.06.05"]
[Round "2"]
[White "HarutyunianTigranK"]
[Black "nOcHeaTiNgKiD"]
[Result "1-0"]
[WhiteElo "2727"]
[BlackElo "2332"]
[TimeControl "180+2"]
[EndTime "13:25:06 PDT"]
[Termination "HarutyunianTigranK won by resignation"]

1. c4 e6 2. Nc3 d5 3. d4 Be7 4. cxd5 exd5 5. Bf4 Nf6 6. e3 Bf5 7. Qb3 Nc6 8. a3 Rb8 9. Nf3 O-O 10. Be2 h6 11. O-O Bd6 12. Nxd5 Nxd5 13. Qxd5 Bxf4 14.
Qxf5 Bd6 15. Bc4 Ne7 16. Qh5 c6 17. e4 b5 18. Ba2 Qb6 19. Rac1 b4 20. e5 Bc7 21.
axb4 Qxb4 22. Rc2 Bb6 23. Rd1 Rbd8 24. Rcd2 Nd5 25. Bb1 Qe7 26. Rc1 Rc8 27. g3 Rfd8 28. Kg2 c5 29. dxc5 Rxc5 30. Rxc5 Bxc5 31. Qf5 g6 32.
Qe4 Nc7 33. Rxd8+ Qxd8 34. h4 h5 35. b4 Be7 36. Ba2 Kg7 37. Qf4 Qf8 38. Nd4 Bxb4 39. e6 Nxe6 40. Bxe6 Qa8+ 41. Kh2 fxe6 42. Nxe6+ Kg8 43.
Qxb4 Qf3 44. Qb8+ Kh7 45. Ng5+ 1-0

[Event "*** Titled Tuesday Blitz"]
[Site "Chess.com"]
[Date "2018.06.05"]
[Round "2"]
[White "Ehsan_GhaemMaghami"]
[Black "sergiochess83"]
[Result "1-0"]
[WhiteElo "2561"]
[BlackElo "2758"]
[TimeControl "180+2"]
[EndTime "13:25:09 PDT"]
[Termination "Ehsan_GhaemMaghami won by resignation"]

1. c4 Nf6 2. Nc3 e5 3. g3 Bb4 4.
Bg2 O-O 5. d3 c6 6. Nf3 Re8 7. O-O h6 8. Bd2 d5 9. Nxd5 cxd5 10.
Bxb4 Nc6 11. Ba3 Be6 12. cxd5 Bxd5 13. b3 Qb6 14. Bb2 Rad8 15. Qe1 e4 16. dxe4 Nxe4 17. Rc1 a5 18. Nh4 f6 19. Rd1 Nb4 20. Rd4 Nc2 21.
Qd1 Nxd4 22. Bxd4 Qb4 23. Qa1 Bc6 24. Rd1 a4 25. Nf5 axb3 26. axb3 Qxb3 27. Rb1 Qe6 28.
Ne3 Nd2 29. Rd1 Nb3 30. Qc3 Bxg2 31. Kxg2 Nxd4 32. Rxd4 Rxd4 33. Qxd4 Qe4+ 34. Qxe4 Rxe4 35. Kf3 Re6 36. Nd5 b5 37. e4 Rc6 38. Ne7+ 1-0

[Event "*** Titled Tuesday Blitz"]
[Site "Chess.com"]
[Date "2018.06.05"]
[Round "2"]
[White "MPGM"]
[Black "francogreek"]
[Result "0-1"]
[WhiteElo "2376"]
[BlackElo "2276"]
[TimeControl "180+2"]
[EndTime "13:25:11 PDT"]
[Termination "francogreek won by resignation"]

1. d4 g6 2. e4 Bg7 3. c4 d6 4. Nc3 Nd7 5. Be3 e5 6. Nge2 Ngf6 7. f3 O-O 8. Qd2 Re8 9. d5 a5 10. g4 Nc5 11. Ng3 a4 12. O-O-O Bd7 13. h4 Qb8 14. h5 Qa7 15. Bh6 a3 16. b3 Nxb3+ 17. axb3 a2 18.
Kc2 a1=Q 19. Rxa1 Qxa1 20. Be2 Ra2+ 21. Nxa2 Qxa2+ 22. Kc3 Ra8 23. hxg6 hxg6 24. Bxg7 Qxd2+ 25. Kxd2 Ra2+ 26. Ke3 Kxg7 27. g5 Ne8 28. Rb1 f6 29. gxf6+ Nxf6 30. b4 Ra3+ 31. Kd2 Nh5 32. Nxh5+ gxh5 33. c5 h4 34. cxd6 cxd6 35. Rg1+ Kf6 36. Rg8 h3 37. Rh8 Rb3 38. b5 Kg5 39. Ke1 Kf4 40. Kf2 Rb2 41. Rh4+ Kg5 42. Rh7 Bxb5 43. Kg3 Bxe2 44.
Rxh3 Rb3 45. Kf2 Rxf3+ 46. Rxf3 Bxf3 47. Kxf3 Kh4 0-1

[Event "*** Titled Tuesday Blitz"]
[Site "Chess.com"]
[Date "2018.06.05"]
[Round "2"]
[White "IMAghasiyevKamal"]
[Black "Blitzstream"]
[Result "1-0"]
[WhiteElo "2486"]
[BlackElo "2433"]
[TimeControl "180+2"]
[EndTime "13:25:12 PDT"]
[Termination "IMAghasiyevKamal won by checkmate"]

1. d4 g6 2. c4 Bg7 3. Nc3 b6 4. e4 Bb7 5. Nf3 e6 6. Be2 d6 7. O-O Nd7 8. a4 a6 9. a5 Ne7 10. d5 e5 11. Ne1 O-O 12. Nd3 h6 13.
Be3 f5 14. f3 f4 15. Bf2 g5 16. b4 Ng6 17. c5 bxc5 18. bxc5 Nf6 19. Na4 g4 20.
Rb1 Bc8 21. cxd6 g3 22. hxg3 fxg3 23. Bxg3 cxd6 24. Nb6 Nh5 25. Bh2 Rb8 26. Nxc8 Rxc8 27. Rb6 Nhf4 28. Nxf4 exf4 29. Bxa6 Rc5 30. Bb5 Qg5 31. Qe2 Rfc8 32. Rc6 R8xc6 33. Bxc6 Rxa5 34. Bd7 Qd8 35. Be6+ Kh8 36. Rc1 Qb6+ 37. Kh1 Rc5 38. Rxc5 Qxc5 39. Bg1 Bd4 40. Bxd4+ Qxd4 41. Qb5 Kg7 42.
Qd7+ Kf6 43. Qf7+ Kg5 44. Qf5+ Kh4 45. Qg4# 1-0

[Event "*** Titled Tuesday Blitz"]
[Site "Chess.com"]
[Date "2018.06.05"]
[Round "2"]
[White "Ali_rastbod"]
[Black "GianmarcoVaR"]
[Result "1-0"]
[WhiteElo "2526"]
[BlackElo "2487"]
[TimeControl "180+2"]
[EndTime "13:25:14 PDT"]
[Termination "Ali_rastbod won by checkmate"]

1. c4 Nf6 2. Nc3 e5 3. Nf3 Nc6 4. e4 Bb4 5. d3 Bxc3+ 6. bxc3 O-O 7. g3 d6 8. Bg2 Nd7 9. O-O Nc5 10. Nh4 Bd7 11. Be3 Re8 12. Qd2 a5 13. f4 exf4 14.
Bxf4 Qe7 15. Qe3 Ne5 16. Rad1 Ncxd3 17. Rxd3 Nxd3 18. Qxd3 g5 19. Qd2 gxf4 20. Qxf4 a4 21. Nf5 Bxf5 22. Qxf5 Qe6 23. Qg5+ Qg6 24. Qd5 c6 25. Qd4 Re7 26. Rf6 Qg7 27. Qxd6 Rae8 28. Qf4 Re5 29. h4 R8e6 30. Rxe6 fxe6 31. Kh2 Rc5 32.
Qb8+ Qf8 33. Qxb7 Rxc4 34. Qd7 Qf7 35. Qd8+ Kg7 36. Qg5+ Kf8 37. Qe3 e5 38. Bh3 Qf6 39. Bf5 Kg7 40. Qd3 Qf7 41. Qf3 h5 42. Qe3 Kh8 43.
Qh6+ Kg8 44. Be6 Rxc3 45. Qg6+ Kh8 46. Bxf7 Rc2+ 47. Kh3 Rh2+ 48. Kxh2 a3 49. Qh6# 1-0

[Event "*** Titled Tuesday Blitz"]
[Site "Chess.com"]
[Date "2018.06.05"]
[Round "2"]
[White "TomPolgar"]
[Black "x-6099009240"]
[Result "1-0"]
[WhiteElo "2231"]
[BlackElo "2065"]
[TimeControl "180+2"]
[EndTime "13:25:16 PDT"]
[Termination "TomPolgar won by resignation"]

1. e4 c5 2. Nf3 g6 3. d4 cxd4 4. Qxd4 Nf6 5. Nc3 Nc6 6. Qa4 d6 7. e5 dxe5 8. Nxe5 Bd7 9. Nxd7 Qxd7 10. Be3 Bg7 11. Rd1 Qc8 12. Be2 O-O 13. O-O Nd7 14.
Qb3 e6 15. Nb5 Na5 16. Qb4 b6 17. Bf3 Rb8 18. Nxa7 Qe8 19. Nc6 Rc8 20. Ne7+ Kh8 21. Nxc8 Qxc8 22. c3 Nc4 23. Bd4 e5 24. Be3 Nxe3 25.
fxe3 f5 26. Qe7 Nc5 27. b4 Bf6 28. Qa7 Ne6 29. Qxb6 Ng7 30. Qc5 e4 31. Be2 Bxc3 32.
Qxc8 Rxc8 33. Rc1 Ne6 34. Rc2 Rc7 35. Rfc1 Be5 36. Rxc7 Nxc7 37. b5 Ne6 38. b6 Kg7 39. b7 Kf6 40. Rc8 f4 41. b8=Q Bxb8 42. Rxb8 fxe3 43.
a4 Nd4 44. Rb2 Ke5 45. a5 Nc6 46. a6 Kd4 47. Rc2 Na7 48. Rc7 h5 49. Rxa7 Kc3 50.
Rd7 1-0